 Dungeon Crawl Stone Soup version 0.27.1-4-g1640c2035a (webtiles) character file.

Game seed: 16055645684980861473

38 Araneus the Cudgeller (level 3, -1/29 HPs)
             Began as a Demonspawn Fighter on Nov 15, 2021.
             Slain by Robin (8 damage)
             ... on level 2 of the Dungeon.
             The game lasted 00:01:51 (1059 turns).

Araneus the Cudgeller (Demonspawn Fighter)          Turns: 1059, Time: 00:01:53

Health: -1/29      AC:  8    Str: 17    XL:     3   Next: 25%
Magic:  3/3        EV:  6    Int:  9    God:
Gold:   57         SH:  8    Dex: 12    Spells: 2/2 levels left

rFire    . . .     SeeInvis .   a - +0 flail
rCold    . . .     Faith    .   c - +0 kite shield
rNeg     . . .     Spirit   .   b - +0 scale mail
rPois    .         Reflect  .   (no helmet)
rElec    .         Harm     .   (no cloak)
rCorr    .         Rampage  .   (no gloves)
Will     .....                  (no boots)
Stlth    ..........             (no amulet)
HPRegen  0.09/turn              (no ring)
MPRegen  0.08/turn              (no ring)

@: no status effects
A: icy blue scales 1, demonic magic 1
a: no special abilities


You were on level 2 of the Dungeon.
You visited 1 branch of the dungeon, and saw 2 of its levels.

You collected 57 gold pieces.

Inventory:

Hand Weapons
 a - a +0 flail (weapon)
Armour
 b - a +0 scale mail (worn)
 c - a +0 kite shield (worn)
Scrolls
 e - a scroll of fog {unknown}
 f - a scroll of torment {unknown}
 h - a scroll of magic mapping {unknown}
 i - a scroll of teleportation {unknown}
Potions
 d - a potion of might
 g - a potion of ambrosia {unknown}


   Skills:
 - Level 3.0 Fighting
 + Level 3.4 Maces & Flails
 - Level 2.6 Armour
 - Level 2.6 Shields


You had 2 spell levels left.
You didn't know any spells.
Your spell library contained the following spells:

 Spells                   Type           Power      Damage    Failure   Level
 Ensorcelled Hibernation  Hex/Ice        0%         N/A       100%        2
 Conjure Flame            Conj/Fire      0%         6-21      100%        3
 Ignite Poison            Fire/Tmut/Pois 0%         N/A       100%        3
 Spider Form              Tmut/Pois      0%         N/A       100%        3
 Sticky Flame             Conj/Fire      0%         2d3       100%        4
 Shadow Creatures         Summ           N/A        N/A       100%        6


Dungeon Overview and Level Annotations

Branches:
Dungeon (2/15)

Altars:

Annotations:
D:2 Robin


Innate Abilities, Weirdness & Mutations

You are partially covered in icy blue scales. (AC +2)
Spells you cast may paralyse adjacent enemies.


Message History

The slug dart misses you.
You hit the dart slug but do no damage.
The dart slug is severely wounded.
The dart slug launches a dart at you. The slug dart hits you.
You thump the dart slug!
You kill the dart slug!
Robin of the Strong Arm comes into view.
They are wielding a +5 club.
Robin roars a battlecry!
The goblin goes into a battle-frenzy!
A goblin comes into view. It is wielding a +0 club.
The goblin shouts!
You hit the goblin but do no damage. The goblin barely misses you.
The goblin hits you with a +0 club.
You are too injured to fight recklessly!
You are too injured to fight recklessly!
You are too injured to fight recklessly!
Unknown command.
Items here: ))))))) ††.
Your shield and scale mail prevent you from hitting the goblin.
Robin roars a battlecry!
The goblin barely misses you. You block the goblin's attack.
You sock the goblin!
You kill the goblin!
Robin throws the goblin at you! The goblin hits you but does no damage.
You sock the goblin!
You kill the goblin!
Things that are here:
a +0 club; a goblin corpse You closely miss Robin.
A ball python comes into view.
Robin says, "Bow before me, strongest of all the hobgoblins!"
Robin hits you with a +5 club.
The ball python hisses angrily.
You hit Robin.
Robin is moderately wounded.
Robin hits you with a +5 club.
* * * LOW HITPOINT WARNING * * *
Robin hits you with a +5 club!
You die...

.............[.....
..............##...
.................## #..##..
..............#### .......
..............# .......
<.............# .......
...........##### ##.......
.#...#####.....#######.g......
#..# #####.@g)S##......... ...
#####............ ..
##..........# #..###......#
#### ...#### ##... .... ##.#
..


You could see Robin and a ball python.

Vanquished Creatures
  A dart slug (D:2)
  3 ball pythons (D:1)
  2 bats (D:1)
  3 endoplasms
  9 goblins (D:2)
  6 hobgoblins
  2 kobolds (D:1)
  A quokka (D:1)
  A frilled lizard (D:1)
  2 rats (D:1)
30 creatures vanquished.

Notes
Turn   | Place    | Note
-------+----------+-------------------------------------------
     0 | D:1      | Araneus the Demonspawn Fighter began the quest for the Orb.
     0 | D:1      | Reached XP level 1. HP: 18/18 MP: 1/1
   353 | D:1      | Found a faded altar of an unknown god.
   359 | D:1      | Gained mutation: Spells you cast may paralyse adjacent
                  | enemies. [demonic ancestry]
   359 | D:1      | Reached XP level 2. HP: 15/24 MP: 2/2
  1028 | D:2      | Gained mutation: You are partially covered in icy blue
                  | scales. (AC +2) [demonic ancestry]
  1028 | D:2      | Reached XP level 3. HP: 25/29 MP: 3/3
  1044 | D:2      | Noticed Robin
  1059 | D:2      | Slain by Robin

Illustrated notes

Levels and vault maps discovered:
D:1:      ncdulo_halloftheorcs, layout_loops_cross,
          hellmonk_ecumenical_altar_crossroads
D:2:      layout_rooms, uniq_robin

Skill      XL: |  1  2 |
---------------+-------+-----
Maces & Flails | 2 3 |  3.4
Fighting       | |  3.0
Armour         | |  2.6
Shields        | |  2.6

Action                   || total
-------------------------++-------
Melee: Flail             ||    98
Armor: Scale mail        ||    41
Dodge: Dodged            ||    35
Block: Kite shield       ||    48
